 Dungeon Crawl Stone Soup version 0.17-a0-2109-g117576f (webtiles) character file.

4440 brucemayne the Cleaver (level 10, 0/70 HPs)
             Began as a Demonspawn Berserker on Oct 19, 2015.
             Was a Believer of Trog.
             Killed from afar by a wizard (26 damage)
             ... with a bolt of lightning
             ... on level 13 of the Dungeon.
             The game lasted 00:12:31 (1855 turns).

brucemayne the Cleaver (Demonspawn Berserker)       Turns: 1855, Time: 00:12:31

Health: 0/70       AC: 10    Str: 17    XL:     10   Next: 14%
Magic:  19/19      EV:  5    Int:  8    God:    Trog [**....]
Gold:   131        SH:  0    Dex: 14    Spells: 0 memorised, 9 levels left

rFire  + . .     SeeInvis .     l - +0 war axe (chop)
rCold  . . .     Clarity  .     q - +1 ring mail {rPois}
rNeg   + . .     SustAt   .     (no shield)
rPois  +         Gourm    .     (helmet restricted)
rElec  .         Spirit   .     m - +0 cloak (curse)
rCorr  .         Warding  .     (no gloves)
rMut   .         NoTele   +     (no boots)
MR     ++...                    (no amulet)
Stlth  +.........               g - ring "Utol" {-Tele +Fly rPois rN+ MP+9}
                                j - -3 ring of strength (curse)

@: regenerating, very resistant to hostile enchantments, very unstealthy
A: antennae 1, molten scales 2, fire resistance 1, spiny 1
a: Berserk, Trog's Hand, Burn Spellbooks, Renounce Religion, Evoke Flight


You were on level 13 of the Dungeon.
You worshipped Trog.
Trog was pleased with you.
You were not hungry.

You visited 1 branch of the dungeon, and saw 13 of its levels.
You also visited: Ossuary.

You collected 131 gold pieces.

Inventory:

Hand Weapons
 a - a +0 hand axe
 i - a +0 hand axe of freezing
 l - a +0 war axe of chopping (weapon)
 t - a cursed +1 battleaxe
Armour
 b - a +0 animal skin
 d - a +0 scale mail
 m - a cursed +0 cloak (worn)
 q - a +1 ring mail of poison resistance (worn)
Jewellery
 g - the ring "Utol" (right hand) {-Tele +Fly rPois rN+ MP+9}
   (You found it on level 6 of the Dungeon)

   [ring of magical power]

   It protects you from poison.
   It protects you from negative energy.
   It affects your magic capacity (+9).
   It lets you fly.
   It prevents most forms of teleportation.
 j - a cursed -3 ring of strength (left hand)
Scrolls
 e - a scroll of recharging
 r - 2 scrolls of random uselessness
 x - 2 scrolls of identify
 z - 2 scrolls of teleportation
Potions
 h - a potion of might {unknown}
 k - a potion of degeneration {unknown}
 n - a potion of magic
 p - a potion of brilliance {unknown}
 s - a potion of poison
 u - a potion of invisibility {unknown}
 v - a potion of flight {unknown}
 w - a potion of curing
Books
 y - a book of Air

   Spells                             Type                      Level
   a - Shock                          Conjuration/Air              1
   b - Swiftness                      Charms/Air                   2
   c - Repel Missiles                 Charms/Air                   2
   d - Static Discharge               Conjuration/Air              3
   e - Lightning Bolt                 Conjuration/Air              5
   Trog disapproves of the use of such an item.
Comestibles
 c - 3 bread rations
 f - a beef jerky
 o - 6 chunks of flesh


   Skills:
 - Level 3.0 Fighting
 + Level 13.3 Axes
 - Level 1.7 Armour
 - Level 1.7 Dodging


You had 9 spell levels left.
You didn't know any spells.

Dungeon Overview and Level Annotations

Branches:
Dungeon (13/15)
 Temple: D:4-7         Lair: D:8-11         Orc: D:9-12      Vaults: D:13-14

Altars:
Elyvilon
Fedhas


Innate Abilities, Weirdness & Mutations

You have a pair of small antennae on your head.
You are mostly covered in molten scales (AC +3, EV -1).
Your flesh is heat resistant.
You are partially covered in sharp spines.


Message History

You barely miss the giant frog skeleton.
The giant frog skeleton hits you.
A wizard comes into view. It is wielding a dagger.
Your ring mail prevents you from hitting the giant frog skeleton.
The wizard shouts!
The wizard howls an incantation.
You feel disoriented.
The giant frog skeleton hits you but does no damage.
A hill giant comes into view. It is wielding a giant club.
The hill giant shouts!
You slash the giant frog skeleton!
The giant frog skeleton is struck by your spines.
The giant frog skeleton barely misses you.
The wizard mumbles some strange words.
The wizard blinks!
The giant frog skeleton hits you.
You slash the giant frog skeleton!
You destroy the giant frog skeleton!
The wizard points at you and mumbles some strange words.
The bolt of lightning hits you!
You die...

.$............
......?......
............
...........
.........#
.......##
######.......#
#.....@.....=.
...##..†.....##
....#.!..#.#
.......O#.##
.#### ...##
..C# p.§+ #...#


You could see a hill giant, a wizard and a two-headed ogre.

Vanquished Creatures
  An unseen horror (D:12)
  An ugly thing (D:12)
  An elephant (D:10)
  Joseph (D:7)
  A deep elf mage (D:9)
  A wraith (D:10)
  6 yaks (D:9)
  Menkaure (Ossuary)
  A hippogriff (D:12)
  A sky beast (D:12)
  An orc warrior (D:11)
  A centaur (D:9)
  2 ogres
  4 giant frogs
  A crocodile (D:10)
  A water moccasin skeleton (D:8)
  3 wights (D:10)
  2 killer bees (D:8)
  A crimson imp (D:7)
  6 orc priests
  A giant frog skeleton (D:13)
  A jelly (D:10)
  2 orc wizards (D:7)
  A worker ant (D:7)
  A sheep (D:10)
  3 mummies (Ossuary)
  An adder (D:10)
  A shadow imp (D:7)
  22 orcs
  A bat (D:2)
  2 gnoll zombies (Ossuary)
  5 goblins
  3 hobgoblins
  12 jackals
  3 quokkas
  A giant gecko skeleton (D:6)
  2 giant newts
  5 gnoll skeletons (Ossuary)
  A goblin skeleton (Ossuary)
  3 goblin zombies (Ossuary)
  A hobgoblin skeleton (Ossuary)
  4 hobgoblin zombies (Ossuary)
  2 kobold skeletons (Ossuary)
  An orc skeleton (Ossuary)
  An orc zombie (Ossuary)
  A rat (D:2)
  A rat skeleton (Ossuary)
  A rat zombie (Ossuary)
120 creatures vanquished.

Vanquished Creatures (others)
  A gnoll zombie (Ossuary)
  2 gnoll skeletons (Ossuary)
  2 goblin skeletons (Ossuary)
  3 goblin zombies (Ossuary)
  2 hobgoblin skeletons (Ossuary)
  3 hobgoblin zombies (Ossuary)
  4 kobold skeletons (Ossuary)
  3 kobold zombies (Ossuary)
  2 orc skeletons (Ossuary)
  2 rat skeletons (Ossuary)
  4 rat zombies (Ossuary)
28 creatures vanquished.

Grand Total: 148 creatures vanquished

Notes
Turn   | Place    | Note
--------------------------------------------------------------
     0 | D:1      | brucemayne the Demonspawn Berserker began the quest for the Orb.
     0 | D:1      | Reached XP level 1. HP: 18/18 MP: 1/1
   157 | D:2      | Gained mutation: You have a pair of small antennae on your head. [demonic ancestry]
   157 | D:2      | Reached XP level 2. HP: 20/24 MP: 2/2
   236 | D:2      | Found a faded altar to an unknown god.
   283 | D:3      | Reached skill level 4 in Axes
   283 | D:3      | Gained mutation: You are partially covered in sharp spines. [demonic ancestry]
   283 | D:3      | Reached XP level 3. HP: 29/29 MP: 3/3
   295 | D:3      | Reached XP level 4. HP: 12/35 MP: 4/4
   303 | D:3      | Reached ** piety under Trog
   526 | D:5      | Entered Level 5 of the Dungeon
   547 | D:6      | Got a scintillating silver ring
   580 | D:6      | Reached skill level 5 in Axes
   583 | D:6      | Reached XP level 5. HP: 28/41 MP: 5/5
   617 | D:7      | Found a white marble altar of Elyvilon.
   750 | D:7      | Reached skill level 6 in Axes
   781 | D:7      | Reached XP level 6. HP: 14/47 MP: 6/6
   798 | D:7      | Identified the ring "Utol" {-Tele +Fly rPois rN+ MP+9} (You found it on level 6 of the Dungeon)
   918 | D:7      | Found a sand-covered staircase.
   918 | D:7      | Noticed Joseph
   930 | D:7      | Reached skill level 7 in Axes
   941 | D:7      | Killed Joseph
   941 | D:7      | Reached skill level 8 in Axes
   941 | D:7      | Gained mutation: You are partially covered in molten scales (AC +1). [demonic ancestry]
   941 | D:7      | Reached XP level 7. HP: 43/52 MP: 7/7
   982 | Ossuary  | Entered an ossuary
  1206 | Ossuary  | Noticed Menkaure
  1215 | Ossuary  | Killed Menkaure
  1334 | D:9      | Reached skill level 9 in Axes
  1334 | D:9      | Gained mutation: You are mostly covered in molten scales (AC +3, EV -1). [demonic ancestry]
  1334 | D:9      | Reached XP level 8. HP: 51/58 MP: 8/8
  1339 | D:9      | Noticed a yak
  1340 | D:9      | Noticed a yak
  1342 | D:9      | Noticed a yak
  1343 | D:9      | Noticed a yak
  1344 | D:9      | Noticed a yak
  1345 | D:9      | Noticed a yak
  1356 | D:9      | Killed a yak
  1357 | D:9      | Killed a yak
  1360 | D:9      | Killed a yak
  1360 | D:9      | Reached skill level 10 in Axes
  1363 | D:9      | Killed a yak
  1364 | D:9      | Noticed a deep elf mage
  1365 | D:9      | Killed a yak
  1368 | D:9      | Killed a yak
  1368 | D:9      | Reached skill level 11 in Axes
  1368 | D:9      | Gained mutation: Your flesh is heat resistant. [demonic ancestry]
  1368 | D:9      | Reached XP level 9. HP: 47/63 MP: 9/9
  1452 | D:9      | Killed a deep elf mage
  1517 | D:10     | Entered Level 10 of the Dungeon
  1517 | D:10     | Noticed an elephant
  1528 | D:10     | Killed an elephant
  1533 | D:10     | Reached skill level 12 in Axes
  1673 | D:10     | Found a blossoming altar of Fedhas.
  1691 | D:12     | Noticed a cyan ugly thing
  1699 | D:12     | Killed a cyan ugly thing
  1764 | D:12     | Reached skill level 13 in Axes
  1782 | D:12     | Reached *** piety under Trog
  1782 | D:12     | Reached XP level 10. HP: 12/70 MP: 10/10
  1823 | D:12     | Killed an unseen horror
  1842 | D:13     | Noticed a hill giant
  1842 | D:13     | Noticed a cyclops
  1852 | D:13     | Noticed a wizard
  1853 | D:13     | Noticed a hill giant
  1855 | D:13     | Killed from afar by a wizard

Vault maps used:
D:1:      elethiomel_arrival_shortcut, bh_walls_and_bars
D:2:      gammafunk_temple_overflow_elements, serial_bayou,
          serial_bayou_lagoon_a, serial_bayou_crossing, serial_bayou_shore_b,
          serial_bayou_ford_a, ecumenical_altar_1
D:3:      first_bread
D:4:      temple_hall, gup_sewer_entry_bubbles, uniq_pikel,
          uniq_crazy_yiuf_cottage
D:5:      lemuel_crystal_altar, nrook_mini_vaults
D:6:      lemuel_ice_spiral_2, serial_shops, shop, lemuel_another_geyser
D:7:      lemuel_round_altar, lemuel_mausoleum_altar_kikubaaqudgha,
          enter_ossuary_1, uniq_joseph
D:8:      old_standard_altar, serial_co_window_serial, co_window_paths_a,
          co_window_paths_a, co_window_corner_a, co_window_corner_a,
          co_window_corner_a, co_window_corner_cb, co_window_unsneaky_path_d,
          co_window_broadway_a, co_window_paths_e, co_window_4corner_a,
          glass_columns_a, glass_columns_c, glass_columns_b, glass_columns_a,
          glass_columns_a, nicolae_for_you_no_charge, uniq_prince_ribbit1
D:9:      fiery_altar_vehumet, hangedman_pestilent_swarm,
          minmay_misc_feat_more_columns, minmay_crystal_room
D:10:     david_lair_generic, basic_altar, corner_web_ring,
          minmay_hollow_rounded_squares, uniq_gastronok
D:12:     serial_shops, nicolae_shop_trees
D:13:     david_vaults_1
Ossuary:  ossuary_due_pyramid

Action                   |  1- 3 |  4- 6 |  7- 9 | 10-12 || total
-------------------------+-------+-------+-------+-------++-------
Melee: Hand axe          |    48 |    73 |    55 |       ||   176
       War axe           |       |       |   101 |    10 ||   111
Invok: Berserk           |     2 |     4 |     6 |       ||    12
       Trog's Hand       |       |     5 |     5 |     2 ||    12
  Use: Scroll            |       |     4 |     5 |       ||     9
       Potion            |       |       |       |     4 ||     4
  Eat: Chunk             |       |     6 |     6 |     2 ||    14
       Fruit             |       |       |     2 |       ||     2
       Beef jerky        |       |       |     1 |       ||     1
